 Dungeon Crawl Stone Soup version 0.30.1-9-gdf580d7c3d (webtiles) character file.

Game seed: 829587206726876939

21 cermafil the Conjurer (level 2, 10/18 HPs)
             Began as a Gargoyle Reaver on Sept 28, 2023.
             Quit the game on level 1 of the Dungeon on Sept 30, 2023.
             The game lasted 00:07:15 (775 turns).

cermafil the Conjurer (Gargoyle Reaver)              Turns: 775, Time: 00:07:16

Health: 10/18      AC:  5    Str: 15    XL:     2   Next: 83%
Magic:  5/5        EV: 11    Int: 13    God:
Gold:   58         SH:  0    Dex:  8    Spells: 4/5 levels left

rFire   . . .        c - +1 mace
rCold   . . .        (no shield)
rNeg    + . .        b - +0 leather armour
rPois   ∞            (no helmet)
rElec   +            (no cloak)
rCorr   .            (no gloves)
SInv    .            (no boots)
Will    .....        (no amulet)
Stlth   +            (no ring)
HPRegen 0.23/turn    (no ring)
MPRegen 0.09/turn

%: no passive effects
@: no status effects
A: sickness immunity, AC +2, negative energy resistance 1, electricity
resistance, torment resistance 1, petrification resistance
a: no special abilities


You were on level 1 of the Dungeon.
You visited 1 branch of the dungeon, and saw 1 of its levels.

You collected 58 gold pieces.

Inventory:

Hand Weapons
 a - a +0 short sword
 c - a +1 mace (weapon)
 f - a +0 giant spiked club
Missiles
 d - 2 atropa-tipped darts
Armour
 b - a +0 leather armour (worn)
Scrolls
 e - a scroll of identify {unknown}
Potions
 g - a potion of resistance {unknown}


   Skills:
 + Level 2.4 Fighting
 + Level 2.8 Short Blades
 + Level 0.4 Maces & Flails
 + Level 0.2 Armour
 + Level 1.9 Dodging
 + Level 2.1 Spellcasting
 + Level 3.5 Conjurations


You had 4 spell levels left.
You knew the following spells:

 Your Spells              Type           Power      Damage    Failure   Level
a - Kiss of Death         Conj/Necr      20%        2d7       16%         1

Your spell library contained the following spells:

 Spells                   Type           Power      Damage    Failure   Level
 Momentum Strike          Conj/Tloc      10%        3d8       22%         2
 Hailstorm                Conj/Ice       5%         3d4       41%         3


Dungeon Overview and Level Annotations

Branches:
Dungeon (1/15)

Altars:


Innate Abilities, Weirdness & Mutations

You are immune to sickness and miasma.
Your stone body is resilient. (AC +2)
You are immune to poison.
You resist negative energy. (rN+)
You are resistant to electric shocks. (rElec)
You are resistant to unholy torment.
You are immune to petrification.


Message History

You hit the hobgoblin but do no damage.
You punch the hobgoblin, but do no damage.
The hobgoblin is almost dead.
The quokka bites you but does no damage.
The hobgoblin hits you.
The quokka bites you but does no damage.
You closely miss the hobgoblin.
The hobgoblin is almost dead.
The hobgoblin closely misses you.
The quokka bites you but does no damage.
You hit the hobgoblin.
You kill the hobgoblin!
The quokka bites you. x2
You see here a rat corpse.
You miss the quokka. The quokka bites you. x2
You hit the quokka.
The quokka is almost dead.
The quokka closely misses you.
The quokka bites you but does no damage.
You miss the quokka.
The quokka is almost dead.
The quokka closely misses you.
You closely miss the quokka.
The quokka is almost dead.
The quokka barely misses you. The quokka closely misses you.
You closely miss the quokka.
The quokka is almost dead.
The quokka barely misses you. The quokka closely misses you.
You closely miss the quokka.
The quokka is almost dead.
The quokka barely misses you.
You hit the quokka.
You kill the quokka!
Unknown command.
Unknown command.
Unknown command.
Saving game... please wait.
Welcome back, cermafil the Gargoyle Reaver.
Press ? for a list of commands and other information.
Are you sure you want to abandon this character and quit the game? (Confirm with "yes".)

#..................#
#.......#.........#
#.......##...#...#
#.........###.....#
###........##.....#
.................#
#########.........#
#####†....# #..@..#
#.....# #.....#
#######


There were no monsters in sight!

Vanquished Creatures
  A dart slug (D:1)
  4 endoplasms (D:1)
  A giant cockroach (D:1)
  A hobgoblin (D:1)
  2 jackals (D:1)
  3 quokkas (D:1)
  2 frilled lizards (D:1)
  2 rats (D:1)
16 creatures vanquished.

Notes
Turn   | Place    | Note
-------+----------+-------------------------------------------
     0 | D:1      | cermafil the Gargoyle Reaver began the quest for the Orb.
     0 | D:1      | Reached XP level 1. HP: 12/12 MP: 3/3
   257 | D:1      | Reached XP level 2. HP: 11/18 MP: 5/5
   775 | D:1      | Quit the game

Illustrated notes

Levels and vault maps discovered:
D:1:      dpeg_arrival_water_fire, layout_rooms, serial_bayou_lagoon_a

Action                     || total
---------------------------++-------
  Melee: Mace              ||    52
         Punch             ||     1
    Use: Scroll            ||     2
 Armour: Leather armour    ||    19
  Dodge: Dodged            ||    51
